 Dungeon Crawl Stone Soup version 0.20-a0-2-g2b0e13a (webtiles) character file.

11951 Kaname the Tainter (level 11, -18/82 (86) HPs)
             Began as a Demonspawn Venom Mage on Oct 29, 2016.
             Was an Elder of Okawaru.
             Demolished by an orc warlord
             ... wielding a +3 dire flail of holy wrath
              (37 damage)
             ... on level 1 of the Orcish Mines.
             The game lasted 01:01:57 (16216 turns).

Kaname the Tainter (Demonspawn Venom Mage)         Turns: 16216, Time: 01:01:58

HP:   -18/82 (86)   AC: 11    Str:  9      XL:     11   Next: 56%
MP:   2/29          EV: 12    Int: 21 (22) God:    Okawaru [****..]
Gold: 806           SH:  0    Dex: 17      Spells: 5 memorised, 5 levels left

rFire  . . .     SeeInvis .     u - +2 short sword (venom)
rCold  . . .     Gourm    .     O - +2 robe "Lostriempe" {Regen+ Dex+4}
rNeg   . . .     Faith    .     (no shield)
rPois  .         Spirit   .     (helmet restricted)
rElec  .         Reflect  .     y - +1 cloak
rCorr  .         Harm     .     n - +0 pair of gloves
MR     ++...                    Q - +0 pair of boots (curse)
Stlth  +++.......               L - amulet of rage
                                e - ring of magical power
                                S - +3 ring of protection

@: very slightly contaminated
A: horns 2, clever 1, deterioration 1, magic resistance 2, mutation resistance
1, powered by death 1, robust 1, sturdy frame 1
a: Heroism, Renounce Religion, Evoke Berserk Rage


You were on level 1 of the Orcish Mines.
You worshipped Okawaru.
Okawaru was greatly pleased with you.
You were very hungry.

You visited 3 branches of the dungeon, and saw 13 of its levels.

You collected 845 gold pieces.
You spent 39 gold pieces at shops.

Inventory:

Hand Weapons
 u - a +2 short sword of venom (weapon)
 E - a +2 glaive of venom
Missiles
 j - 2 throwing nets (quivered)
Armour
 n - a +0 pair of gloves (worn)
 y - a +1 cloak (worn)
 D - a +2 robe of fire resistance
 O - the +2 robe "Lostriempe" (worn) {Regen+ Dex+4}
   (You found it on level 9 of the Dungeon)

   It affects your dexterity (+4).
   It increases your rate of regeneration.
 Q - a cursed +0 pair of boots (worn)
Rods
 N - a -2 iron rod (11/11)
   (You took it off an orc priest on level 7 of the Dungeon)
Jewellery
 e - a ring of magical power (right hand)
 L - an amulet of rage (around neck)
 S - a +3 ring of protection (left hand)
 T - an uncursed ring of protection from fire
Wands
 l - a wand of hasting (3/9)
 o - a wand of iceblast (11/15)
 q - a wand of polymorph (12/24)
 x - a wand of acid (2/15)
 A - a wand of flame (0/48)
 B - a wand of lightning (11/15)
 F - a wand of confusion (34/48)
 I - a wand of disintegration (12/24)
Scrolls
 a - 2 scrolls of enchant weapon
 d - 2 scrolls of immolation {unknown}
 m - 4 scrolls of recharging
 s - 5 scrolls of remove curse
 t - 2 scrolls of magic mapping {unknown}
 C - 2 scrolls of teleportation
 J - a scroll of acquirement {unknown}
 K - a scroll of identify
 M - 2 scrolls of fog {unknown}
 P - 2 scrolls of fear
Potions
 b - a potion of might {unknown}
 f - a potion of degeneration {unknown}
 g - 2 potions of heal wounds
 h - 2 potions of resistance
 i - a potion of agility
 p - a potion of ambrosia {unknown}
 r - 3 potions of curing
 v - 2 potions of lignification
 z - 2 potions of haste
 H - a potion of cancellation {unknown}
Comestibles
 c - 9 bread rations
 k - 10 meat rations
 w - a royal jelly
 R - a beef jerky


   Skills:
 - Level 5.0 Fighting
 - Level 5.2 Short Blades
 + Level 1.7 Dodging
 - Level 4.7 Stealth
 - Level 6.0 Spellcasting
 - Level 10.0 Conjurations
 - Level 4.0 Translocations
 - Level 2.1 Air Magic
 - Level 10.2 Poison Magic
 - Level 4.2 Invocations


You had 5 spell levels left.
You knew the following spells:

 Your Spells              Type           Power        Failure   Level  Hunger
a - Venom Bolt            Conj/Pois      #####.....   4%          5    #####..
b - Mephitic Cloud        Conj/Pois/Air  #####...     1%          3    ##.....
c - Olgreb's Toxic Radia  Pois           #####...     1%          4    ####...
d - Blink                 Tloc           N/A          2%          2    None
e - Conjure Flame         Conj/Fire      ####....     3%          3    ##.....


Dungeon Overview and Level Annotations

Branches:
Dungeon (11/15)            Temple (1/1) D:7            Lair (0/6) D:9
    Orc (1/2) D:11

Altars:
Ashenzari
Cheibriados
Dithmenos
Elyvilon
Fedhas
Gozag
Hepliaklqana
Kikubaaqudgha
Makhleb
Nemelex Xobeh
Okawaru
Qazlal
Ru
Sif Muna
Trog
Uskayaw
Vehumet
Xom
Yredelemnul
Zin
The Shining One

Shops:
D:5 *   D:6 }   D:8 (   D:9 (}

Annotations:
D:8 1 runed door


Innate Abilities, Weirdness & Mutations

You have a pair of horns on your head.
You regenerate a little health from kills.
Your movements are slightly less encumbered by armour. (ER -2)
Your mind is acute. (Int +2)
Your body sometimes deteriorates upon taking damage.
You are highly resistant to hostile enchantments. (MR++)
You are somewhat resistant to further mutation.
You are robust. (+10% HP)


Message History

You hit the orc warlord but do no damage.
The orc warlord is almost dead.
The orc warlord misses you.
Unknown command.
You hit the orc warlord but do no damage.
The orc warlord is almost dead.
The orc throws a tomahawk.
The tomahawk misses you.
The orc warlord hits you with a dire flail of holy wrath!!
You convulse!
Your body deteriorates!
You feel dopey.
Casting: Venom Bolt
Confirm with . or Enter, or press ? or * to list all spells.
Aiming: Venom Bolt
Press: ? - help, Shift-Dir - straight line, f/p - orc warlord
Aim: an orc warlord, wielding a dire flail of holy wrath and wearing a chain mail (almost dead, poisoned)
The bolt of poison misses the orc warlord.
The orc warlord hits you with a dire flail of holy wrath!!
* * * LOW HITPOINT WARNING * * *
You convulse!!!
You die...

####.........##
#...))..###
##..o...#
##.....####
#.......#.##
###....#.....##
#.#...##......##
##.....##......#
#@o...###......#
##...###......##
#....#......##
##........#.#
###......###
##.....##
#.......#
##..#..##
#######


You could see an orc warlord and an orc.

Vanquished Creatures
  Snorg (D:11)
  Erica (D:8)
  A hill giant (D:10)
  An orc sorcerer (Orc:1)
  2 komodo dragons
  2 trolls
  A two-headed ogre (D:11)
  2 hippogriffs
  5 yaks
  Sigmund (D:4)
  A spriggan (D:11)
  A wyvern (D:3)
  3 sky beasts
  An ice beast (D:6)
  16 orc warriors
  10 ogres
  A phantom (D:10)
  3 necrophages
  6 centaurs
  The ghost of Kaname the Stinger, an amateur DsVM (D:3)
  3 big kobolds
  6 bullfrogs
  2 gnoll sergeants (D:11)
  3 scorpions
  A wyvern skeleton (D:9)
  5 killer bees (D:10)
  3 wights (D:9)
  2 howler monkeys
  5 crimson imps
  3 jellies
  11 orc priests
  6 hounds
  13 orc wizards
  2 bullfrog skeletons
  A centaur skeleton (D:7)
  4 iguanas
  10 worker ants
  A hound skeleton (D:4)
  3 hound zombies
  Robin (D:2)
  2 worker ant zombies
  A howler monkey skeleton (D:11)
  8 gnolls
  17 adders
  A shadow imp (D:8)
  An adder zombie (D:6)
  3 adder skeletons
  3 worms
  7 leopard geckos
  59 orcs
  A ball python (D:1)
  10 bats
  5 giant cockroaches
  17 goblins
  8 hobgoblins
  16 jackals
  7 kobolds
  6 quokkas
  A ball python zombie (D:5)
  7 frilled lizards
  2 jackal skeletons (D:4)
  A leopard gecko zombie (D:7)
  A quokka zombie (D:5)
  9 rats
  A butterfly (D:9)
339 creatures vanquished.

Vanquished Creatures (others)
  2 plants (D:9)
2 creatures vanquished.

Grand Total: 341 creatures vanquished

Notes
Turn   | Place    | Note
-------+----------+-------------------------------------------
     0 | D:1      | Kaname the Demonspawn Venom Mage began the quest for the Orb.
     0 | D:1      | Reached XP level 1. HP: 13/13 MP: 3/3
    79 | D:1      | Reached skill level 1 in Conjurations
   254 | D:1      | Gained mutation: Your movements are slightly less encumbered by armour. (ER -2) [demonic ancestry]
   254 | D:1      | Reached XP level 2. HP: 19/19 MP: 3/5
   667 | D:2      | Noticed Robin
   715 | D:2      | Reached XP level 3. HP: 24/24 MP: 2/6
   776 | D:2      | Noticed a dagger
   777 | D:2      | Noticed a dagger
  1003 | D:1      | Learned a level 3 spell: Mephitic Cloud
  1315 | D:1      | Gained mutation: Your mind is acute. (Int +2) [potion of mutation]
  1315 | D:1      | Gained mutation: You have a pair of small horns on your head. [potion of mutation]
  1315 | D:1      | Gained mutation: You are somewhat resistant to further mutation. [potion of mutation]
  1608 | D:2      | Killed Robin
  1608 | D:2      | Reached XP level 4. HP: 7/30 MP: 5/7
  2137 | D:2      | Found a hide-covered altar of Uskayaw.
  2158 | D:2      | Found an ancient bone altar of Kikubaaqudgha.
  2238 | D:3      | Found a sparkling altar of Nemelex Xobeh.
  2250 | D:2      | Reached skill level 1 in Air Magic
  2463 | D:3      | Noticed Kaname's ghost (amateur DsVM)
  2473 | D:3      | Gained mutation: You have a pair of horns on your head. [demonic ancestry]
  2473 | D:3      | Reached XP level 5. HP: 35/35 MP: 5/8
  2650 | D:3      | Found a glowing golden altar of the Shining One.
  2832 | D:3      | Noticed a wyvern
  3011 | D:3      | Found a faded altar of an unknown god.
  3011 | D:3      | Found a hazy altar of Hepliaklqana.
  3022 | D:3      | Found a faded altar of an unknown god.
  3024 | D:3      | Found a faded altar of an unknown god.
  3025 | D:3      | Found a faded altar of an unknown god.
  3379 | D:3      | Learned a level 4 spell: Olgreb's Toxic Radiance
  3511 | D:4      | Reached skill level 5 in Poison Magic
  3779 | D:4      | Gained mutation: You regenerate a little health from kills. [demonic ancestry]
  3779 | D:4      | Reached XP level 6. HP: 41/41 MP: 4/9
  4189 | D:4      | Found a sparkling altar of Nemelex Xobeh.
  4288 | D:4      | Noticed Sigmund
  4302 | D:4      | Killed Sigmund
  4302 | D:4      | Reached skill level 5 in Conjurations
  4302 | D:4      | Reached XP level 7. HP: 46/46 MP: 10/10
  4689 | D:3      | Killed a wyvern
  4833 | D:5      | Entered Level 5 of the Dungeon
  4977 | D:5      | Found Jolutugo's General Store.
  4982 | D:5      | Bought a potion of curing for 39 gold pieces
  5125 | D:5      | Found a blossoming altar of Fedhas.
  5159 | D:5      | Found a stormy altar of Qazlal.
  5650 | D:5      | Gained mutation: You have a pair of large horns on your head. [demonic ancestry]
  5650 | D:5      | Reached XP level 8. HP: 40/52 MP: 11/11
  5905 | D:5      | Gained mutation: You are robust. (+10% HP) [mutagenic meat]
  6904 | D:6      | Found Herghim's Gadget Shop.
  7463 | D:3      | Found a sparkling altar of Nemelex Xobeh.
  7491 | D:3      | Found a glowing golden altar of the Shining One.
  7689 | D:3      | Found a faded altar of an unknown god.
  7689 | D:3      | Found a hazy altar of Hepliaklqana.
  7694 | D:3      | Found a faded altar of an unknown god.
  7696 | D:3      | Found a faded altar of an unknown god.
  7697 | D:3      | Found a faded altar of an unknown god.
  7829 | D:3      | Killed Kaname's ghost
  8415 | D:7      | Found a staircase to the Ecumenical Temple.
  8434 | Temple   | Entered the Ecumenical Temple
  8592 | D:7      | Reached XP level 9. HP: 51/62 MP: 12/12
  9181 | D:7      | Reached skill level 10 in Poison Magic
  9853 | D:7      | Learned a level 2 spell: Blink
 10691 | D:8      | Reached skill level 10 in Conjurations
 10924 | D:8      | Learned a level 3 spell: Conjure Flame
 11015 | D:8      | Found a runed door.
 11017 | D:8      | Noticed a sixfirhy
 11228 | D:8      | Found Daaloerr's Weapon Shop.
 11258 | D:8      | Reached XP level 10. HP: 41/69 MP: 15/15
 11259 | D:8      | Noticed Erica
 11280 | D:8      | Killed Erica
 11280 | D:8      | Reached skill level 5 in Spellcasting
 11417 | D:8      | Learned a level 5 spell: Venom Bolt
 11422 | D:8      | Found a deep blue altar of Sif Muna.
 11978 | D:9      | Found an iron altar of Okawaru.
 12024 | D:9      | Became a worshipper of Warmaster Okawaru
 12148 | D:9      | Found Yliutui's Gadget Shoppe.
 12160 | D:9      | Reached skill level 1 in Translocations
 12199 | D:9      | Found a shattered altar of Ashenzari.
 12221 | D:9      | Got a steaming robe
 12232 | D:9      | Identified the +2 robe "Lostriempe" {Regen+ Dex+4} (You found it on level 9 of the Dungeon)
 12534 | D:9      | Found Iceshoyseez's Weapon Shop.
 12649 | D:9      | Reached * piety under Okawaru
 12725 | D:9      | Reached skill level 1 in Fighting
 12763 | D:9      | Found a staircase to the Lair.
 12839 | D:9      | Found a shimmering altar of Xom.
 13264 | D:10     | Entered Level 10 of the Dungeon
 13577 | D:10     | Reached skill level 1 in Invocations
 13764 | D:10     | Lost mutation: You have a pair of large horns on your head. [mutagenic meat]
 13769 | D:10     | Gained mutation: Your body sometimes deteriorates upon taking damage. [potion of mutation]
 13770 | D:10     | Gained mutation: You are resistant to hostile enchantments. (MR+) [potion of mutation]
 13771 | D:10     | Gained mutation: You are highly resistant to hostile enchantments. (MR++) [potion of beneficial mutation]
 13799 | D:10     | Reached ** piety under Okawaru
 13799 | D:10     | Reached skill level 5 in Fighting
 14300 | D:10     | Noticed a hill giant
 14308 | D:10     | Reached XP level 11. HP: 67/82 MP: 14/20
 14316 | D:10     | Killed a hill giant
 14973 | D:11     | Found a shimmering altar of Xom.
 15076 | D:11     | Noticed Snorg
 15089 | D:11     | Killed Snorg
 15089 | D:11     | Reached *** piety under Okawaru
 15472 | D:11     | Found a staircase to the Orcish Mines.
 15480 | D:11     | Reached skill level 1 in Short Blades
 15896 | Orc:1    | Entered Level 1 of the Orcish Mines
 15921 | Orc:1    | Reached **** piety under Okawaru
 16104 | Orc:1    | Noticed an orc sorcerer
 16108 | Orc:1    | Noticed an orc warlord
 16110 | Orc:1    | Killed an orc sorcerer
 16112 | Orc:1    | Reached skill level 5 in Short Blades
 16216 | Orc:1    | Demolished by an orc warlord

Vault maps used:
D:1:      eino_arrival_water_cross, hangedman_feature_mirror
D:2:      kiku_gazebo_pond_becter, dancing_weapons_uskayaw, uniq_robin
D:3:      chequers_temple_overflow_minitemple,
          nemelex_xobeh_ov_fountains_minmay, lemuel_round_altar
D:4:      first_bread, nemelex_diamond_rough_becter, uniq_sigmund
D:5:      grunt_temple_overflow_forces_of_nature, serial_shops,
          nicolae_shop_trees
D:6:      serial_shops, nicolae_shop_trees
D:7:      hangedman_decor_diamond_cutter, grunt_potential
D:8:      cheibrodos_shockbox, nicolae_overflow_crystal_walls, serial_shops,
          shop, kennysheep_nondescript, uniq_erica
D:9:      ashenzari_conservatory_becter, xom_butterflies,
          okawaru_ov_weapons_minmay, david_lair_shrubbed, serial_shops, shop,
          shop
D:11:     kennysheep_orc_monster_closet_entryway, basic_altar, the_bakery,
          corexii_leaking_fountain, uniq_snorg
Temple:   cyrus_temple_forest

Skill      XL: |  1  2  3  4  5  6  7  8  9 10 11 |
---------------+----------------------------------+-----
Conjurations   | 1 2 3 4 5 6 8 10 | 10.0
Air Magic      | 2 |  2.1
Poison Magic   | 5 6 7 9 10 | 10.2
Spellcasting   | 3 6 |  6.0
Translocations | 4 |  4.0
Fighting       | 5 |  5.0
Invocations    | 3 4 |  4.2
Stealth        | 2 4 |  4.7
Short Blades   | 5 |  5.2
Dodging        | |  1.7

Action                   |  1- 3 |  4- 6 |  7- 9 | 10-12 || total
-------------------------+-------+-------+-------+-------++-------
Melee: Spear             |    66 |    93 |       |       ||   159
       Unarmed           |     5 |       |       |       ||     5
       Headbutt          |     2 |    14 |    49 |    51 ||   116
       Dagger            |       |    40 |   397 |       ||   437
       Short sword       |       |       |    17 |   233 ||   250
       Glaive            |       |       |       |    17 ||    17
 Cast: Sting             |    43 |    73 |   123 |       ||   239
       Mephitic Cloud    |       |     1 |     4 |     6 ||    11
       Olgreb's Toxic Ra |       |       |    15 |    31 ||    46
       Venom Bolt        |       |       |       |    23 ||    23
       Conjure Flame     |       |       |       |     2 ||     2
Evoke: Wand              |       |       |     7 |     2 ||     9
  Use: Potion            |     3 |       |     3 |     3 ||     9
       Scroll            |     1 |     7 |     4 |     2 ||    14
 Stab: Sleeping          |     2 |     3 |     5 |     2 ||    12
       Distracted        |       |     2 |       |       ||     2
  Eat: Chunk             |     2 |    10 |    29 |    24 ||    65
       Fruit             |       |       |     2 |     1 ||     3
       Meat ration       |       |       |       |     1 ||     1
       Beef jerky        |       |       |       |     1 ||     1
Armor: Robe              |    10 |       |     6 |    74 ||    90
       Animal skin       |       |    31 |    96 |       ||   127
Dodge: Dodged            |    51 |    67 |   252 |   153 ||   523
